 Dungeon Sprint DCSS version 0.19.1 (webtiles) character file.

15377 equalderp2856 the Eviscerator (level 12, 0/58 HPs)
             Began as a Felid Fighter on Nov 29, 2016.
             Was the Champion of Kikubaaqudgha.
             Killed from afar by a nagaraja (11 damage)
             ... with a splash of poison
             ... in the Dungeon (Sprint IX: "|||||||||||||||||||||||||||||").
             The game lasted 00:17:54 (7500 turns).

equalderp2856 the Eviscerator (Felid Fighter)       Turns: 7500, Time: 00:17:55

Health: 0/58       AC:  5    Str: 14    XL:     12   Next: 0%
Magic:  15/21      EV: 31    Int: 14    God:    Kikubaaqudgha [******]
Gold:   1744       SH:  0    Dex: 17    Spells: 3 memorised, 17 levels left
                                        Lives:  0   Deaths: 3

rFire  . . .     SeeInvis +       - Unarmed
rCold  + . .     Gourm    .     (armour unavailable)
rNeg   . . .     Faith    .     (shield unavailable)
rPois  .         Spirit   .     (helmet unavailable)
rElec  .         Reflect  .     (cloak unavailable)
rCorr  .         Harm     .     (gloves unavailable)
MR     +....     NoTele   +     (boots unavailable)
Stlth  ++++++....               (no amulet)
                                n - +3 ring of intelligence
                                m - +2 ring of protection

@: lethally poisoned (0 -> -4), quick
A: no armour, no weapons or thrown items, stealth, claws 1, fangs 3, see
invisible, carnivore 3, speed 1, shaggy fur 3, slow metabolism 1, sharp paws
a: Receive Corpses, Torment, Renounce Religion


You were in the Dungeon.
You worshipped Kikubaaqudgha.
Kikubaaqudgha was exalted by your worship.
You were hungry.

You visited 1 branch You collected 1944 gold pieces.
You spent 200 gold pieces at shops.

Inventory:

Jewellery
 m - a +2 ring of protection (left paw)
 n - a +3 ring of intelligence (right paw)
 x - an uncursed ring of protection from magic
 y - an uncursed ring of protection from magic
 z - an uncursed ring of poison resistance
Wands
 l - a wand of acid (7/15)
Scrolls
 h - 3 scrolls of blinking
 j - 4 scrolls of remove curse
 k - 2 scrolls of amnesia
 q - 4 scrolls of fear
 r - 2 scrolls of fog
 B - a scroll of recharging
Potions
 a - 3 potions of might
 c - a potion of curing
 d - 3 potions of heal wounds
 e - 2 potions of haste
 f - 4 potions of magic
 g - 2 potions of berserk rage
 i - a potion of invisibility
 s - a potion of cure mutation
 v - a potion of mutation {unknown}
 w - a potion of lignification {unknown}
 A - a potion of agility
Books
 o - Kikubaaqudgha's Guide on Necromancy
   (Kikubaaqudgha gifted it to you in the Dungeon)

   Spells                             Type                      Level
   a - Animate Dead                   Necromancy                   4
   b - Agony                          Necromancy                   5
   c - Cigotuvi's Embrace             Necromancy                   5
   d - Dispel Undead                  Necromancy                   5
   e - Simulacrum                     Ice/Necromancy               6
 p - Kikubaaqudgha's Compendium of Stolen Souls
   (Kikubaaqudgha gifted it to you in the Dungeon)

   Spells                             Type                      Level
   a - Pain                           Necromancy                   1
   b - Corpse Rot                     Necromancy                   2
   c - Sublimation of Blood           Necromancy                   2
   d - Vampiric Draining              Necromancy                   3
   e - Control Undead                 Necromancy                   4
 t - a book of Minor Magic

   Spells                             Type                      Level
   a - Magic Dart                     Conjuration                  1
   b - Blink                          Translocation                2
   c - Call Imp                       Summoning                    2
   d - Repel Missiles                 Charms/Air                   2
   e - Slow                           Hexes                        2
   f - Conjure Flame                  Conjuration/Fire             3
   g - Mephitic Cloud                 Conjuration/Poison/Air       3
 u - a Necronomicon

   Spells                             Type                      Level
   a - Haunt                          Necromancy/Summoning         7
   b - Borgnjor's Revivification      Necromancy                   8
   c - Death's Door                   Charms/Necromancy            8
   d - Infestation                    Necromancy                   8
   e - Necromutation                  Transmutation/Necromancy     8
Comestibles
 b - 12 meat rations


   Skills:
 + Level 10.1 Fighting
 + Level 15.8 Dodging
 + Level 15.0 Stealth
 + Level 23.7 Unarmed Combat
 * Level 5.9 Spellcasting
 + Level 2.6 Charms
 * Level 6.9 Necromancy
 + Level 2.3 Translocations
 + Level 2.1 Air Magic


You had 17 spell levels left.
You knew the following spells:

 Your Spells              Type           Power        Failure   Level  Hunger
a - Magic Dart            Conj           #...         21%         1    None
b - Blink                 Tloc           N/A          12%         2    #......
c - Repel Missiles        Chrm/Air       ##....       12%         2    #......


Dungeon Overview and Level Annotations

Branches:
Dungeon (1/1)

Altars:
Cheibriados
Dithmenos
Elyvilon
Fedhas
Gozag
Hepliaklqana
Kikubaaqudgha
Makhleb
Nemelex Xobeh
Okawaru
Qazlal
Ru
Sif Muna
Trog
Uskayaw
Vehumet
Xom
Yredelemnul
Zin
The Shining One
Beogh
Jiyva
Lugonu

Shops:
D :(:(


Innate Abilities, Weirdness & Mutations

You cannot wear armour.
You are incapable of wielding weapons or throwing items.
Your paws allow you to move quietly. (Stealth)
You have sharp claws.
You have razor-sharp teeth.
You have supernaturally acute eyesight. (SInv)
You are carnivorous and can eat meat at any time.
You cover ground quickly.
Your thick and shaggy fur keeps you warm. (AC +3, rC+)
You have a slow metabolism.
Your sharp claws are effective at attacking unaware monsters.


Message History

You are poisoned.
The nagaraja constricts you.
You feel better. The nagaraja completely misses you.
The nagaraja constricts you. The nagaraja hits you with a spear!
* * * LOW HITPOINT WARNING * * *
x2 The nagaraja constricts you.
Casting: Blink
Confirm with . or Enter, or press ? or * to list all spells.
You escape the nagaraja's grasp.
You blink.
Casting: Blink
Confirm with . or Enter, or press ? or * to list all spells.
You blink.
The nagaraja completely misses you. x2
Casting: Blink
Confirm with . or Enter, or press ? or * to list all spells.
You blink.
The nagaraja spits poison at you. The splash of poison hits you!
You are poisoned.
You die...
Kikubaaqudgha rasps: "You have failed me!
Welcome... death!"

▓†▓.▓)▓)▓)▓.▓)▓.▓.▓
▓.▓.▓.▓.▓)▓.▓.▓.▓.▓
▓.▓.▓.▓.▓'▓.▓[▓.▓.▓
▓.▓.▓.▓.▓.▓.▓.▓.▓.▓
▓.▓§▓=▓(▓.▓)▓.▓.▓.▓
▓.▓N▓.▓.▓.▓)▓.▓.▓'▓
▓.▓.▓'▓.▓(▓.▓.▓.▓.▓
▓N▓.▓.▓.▓.▓(▓.▓.▓.▓
▓.▓@▓.▓.▓.▓)▓'▓.▓.▓
▓.▓.▓.▓.▓)▓.▓.▓.▓.▓
▓.▓.▓.▓.▓)▓.▓.▓.▓.▓
▓.▓.▓.▓.▓.▓.▓.▓.▓)▓
▓.▓.▓.▓.▓.▓.▓.▓.▓.▓
▓.▓.▓.▓.▓)▓)▓.▓.▓.▓
▓.▓.▓.▓.▓)▓)▓.▓.▓.▓
▓...▓...▓)..▓...▓<▓
▓▓▓▓▓▓▓▓▓▓▓▓▓▓▓▓▓▓▓


You could see a nagaraja.

Vanquished Creatures
  Rupert (D)
  A nagaraja (D)
  A stone giant (D)
  An ettin (D)
  A fire dragon (D)
  A hydra (D)
  A centaur warrior (D)
  6 orc high priests (D)
  A mana viper (D)
  5 orc knights (D)
  A cyclops (D)
  A manticore (D)
  2 black mambas (D)
  Maurice (D)
  2 naga magi (D)
  Psyche (D)
  6 spiny frogs (D)
  A komodo dragon (D)
  A yaktaur (D)
  A freezing wraith (D)
  A tengu conjurer (D)
  A tyrant leech (D)
  A hippogriff (D)
  3 blink frogs (D)
  A redback (shapeshifter) (D)
  3 wraiths (D)
  3 yaks (D)
  A vampire (D)
  Grum (D)
  3 vampire mosquitoes (D)
  2 porcupines (D)
  4 water moccasins (D)
  11 orc warriors (D)
  A boggart (D)
  4 wolves (D)
  An ogre (D)
  2 centaurs (D)
  5 crocodiles (D)
  2 bullfrogs (D)
  A wight (D)
  A howler monkey (D)
  9 orc priests (D)
  An orc wizard (D)
  A worker ant (D)
  An adder (D)
  2 adder skeletons (D)
  A leopard gecko (D)
  7 orcs (D)
  A bat zombie (D)
  2 hobgoblins (D)
  2 rats (D)
115 creatures vanquished.

Notes
Turn   | Place    | Note
-------+----------+-------------------------------------------
     0 | D        | equalderp2856 the Felid Fighter began the quest for the Orb.
     0 | D        | Reached XP level 1. HP: 10/10 MP: 2/2
   272 | D        | Noticed a worker ant
   272 | D        | Noticed a howler monkey
   276 | D        | Reached skill level 5 in Unarmed Combat
   279 | D        | Killed a howler monkey
   279 | D        | Reached skill level 5 in Dodging
   279 | D        | Reached skill level 6 in Unarmed Combat
   279 | D        | Reached XP level 2. HP: 6/15 MP: 3/3
   279 | D        | Reached XP level 3. HP: 7/18 MP: 4/4
   293 | D        | Reached skill level 7 in Unarmed Combat
   297 | D        | Reached XP level 4. HP: 4/22 MP: 5/5
   481 | D        | Found a roughly hewn altar of Beogh.
   481 | D        | Found a snail-covered altar of Cheibriados.
   481 | D        | Found a shadowy altar of Dithmenos.
   481 | D        | Found a white marble altar of Elyvilon.
   481 | D        | Found a blossoming altar of Fedhas.
   481 | D        | Found an opulent altar of Gozag.
   482 | D        | Found a hazy altar of Hepliaklqana.
   483 | D        | Found a viscous altar of Jiyva.
   484 | D        | Found an ancient bone altar of Kikubaaqudgha.
   485 | D        | Found a corrupted altar of Lugonu.
   486 | D        | Found a burning altar of Makhleb.
   487 | D        | Found a sparkling altar of Nemelex Xobeh.
   488 | D        | Found an iron altar of Okawaru.
   489 | D        | Found a stormy altar of Qazlal.
   490 | D        | Found a sacrificial altar of Ru.
   491 | D        | Found a deep blue altar of Sif Muna.
   492 | D        | Found a bloodstained altar of Trog.
   496 | D        | Became a worshipper of Kikubaaqudgha
   498 | D        | Found a hide-covered altar of Uskayaw.
   499 | D        | Found a radiant altar of Vehumet.
   500 | D        | Found a shimmering altar of Xom.
   501 | D        | Found a basalt altar of Yredelemnul.
   502 | D        | Found a glowing silver altar of Zin.
   503 | D        | Found a glowing golden altar of the Shining One.
   530 | D        | Noticed an ogre
   530 | D        | Noticed a wraith
   530 | D        | Noticed a centaur
   530 | D        | Noticed a hippogriff
   545 | D        | Killed a hippogriff
   545 | D        | Reached skill level 5 in Fighting
   545 | D        | Reached skill level 1 in Stealth
   545 | D        | Reached skill level 10 in Unarmed Combat
   545 | D        | Reached XP level 5. HP: 13/27 MP: 6/6
   545 | D        | Shot with an arrow by a centaur
   546 | D        | Reached XP level 4. HP: -4/24 MP: 5/5
   585 | D        | Noticed a spiny frog
   585 | D        | Noticed a spiny frog
   586 | D        | Noticed a tyrant leech
   587 | D        | Noticed a blink frog
   588 | D        | Noticed a vampire mosquito
   590 | D        | Noticed a spiny frog
   592 | D        | Killed a spiny frog
   592 | D        | Reached * piety under Kikubaaqudgha
   592 | D        | Identified Kikubaaqudgha's Compendium of Stolen Souls (Kikubaaqudgha gifted it to you in the Dungeon)
   592 | D        | Received a gift from Kikubaaqudgha
   592 | D        | Reached skill level 12 in Unarmed Combat
   592 | D        | Reached XP level 5. HP: 24/28 MP: 6/6
   592 | D        | Gained mutation: You are covered in thick fur. (AC +2) [Felid growth]
   592 | D        | Reached XP level 6. HP: 29/33 MP: 7/7
   593 | D        | Noticed a blink frog
   598 | D        | Killed a spiny frog
   598 | D        | Reached skill level 10 in Dodging
   598 | D        | Reached skill level 13 in Unarmed Combat
   598 | D        | Reached XP level 7. HP: 32/36 MP: 8/8
   786 | D        | Killed a vampire mosquito
   913 | D        | Noticed a blink frog
   932 | D        | Killed a tyrant leech
   932 | D        | Reached ** piety under Kikubaaqudgha
   932 | D        | Reached skill level 14 in Unarmed Combat
   932 | D        | Reached XP level 8. HP: 40/40 MP: 9/9
   938 | D        | Killed a blink frog
   941 | D        | Killed a blink frog
   941 | D        | Reached skill level 15 in Unarmed Combat
  1033 | D        | Killed a spiny frog
  1121 | D        | Killed a blink frog
  1121 | D        | Reached *** piety under Kikubaaqudgha
  1121 | D        | Identified Kikubaaqudgha's Guide on Necromancy (Kikubaaqudgha gifted it to you in the Dungeon)
  1121 | D        | Received a gift from Kikubaaqudgha
  1437 | D        | Noticed a spiny frog
  1437 | D        | Noticed a spiny frog
  1439 | D        | Reached skill level 16 in Unarmed Combat
  1447 | D        | Reached XP level 9. HP: 32/45 MP: 10/10
  1450 | D        | Reached **** piety under Kikubaaqudgha
  1478 | D        | Killed a spiny frog
  1479 | D        | Reached skill level 5 in Stealth
  1554 | D        | Killed a spiny frog
  1554 | D        | Reached skill level 17 in Unarmed Combat
  1633 | D        | Reached ***** piety under Kikubaaqudgha
  1673 | D        | Noticed a spiny frog
  1673 | D        | Noticed a komodo dragon
  1680 | D        | Killed a spiny frog
  2011 | D        | Killed a komodo dragon
  2011 | D        | Reached skill level 18 in Unarmed Combat
  2011 | D        | Reached XP level 10. HP: 49/49 MP: 11/11
  2021 | D        | Reached ****** piety under Kikubaaqudgha
  2210 | D        | Noticed a manticore
  2235 | D        | Killed a manticore
  2235 | D        | Reached skill level 19 in Unarmed Combat
  2731 | D        | Noticed an orc knight
  3142 | D        | Noticed an orc knight
  3300 | D        | Slain by an orc knight
  3301 | D        | Reached XP level 9. HP: -5/45 MP: 10/10
  3318 | D        | Killed an orc knight
  3374 | D        | Killed an orc knight
  3559 | D        | Reached skill level 10 in Stealth
  3559 | D        | Reached XP level 10. HP: 46/49 MP: 11/11
  3651 | D        | Noticed an orc knight
  3651 | D        | Noticed an orc knight
  3652 | D        | Noticed an orc knight
  3655 | D        | Killed an orc knight
  3655 | D        | Reached skill level 20 in Unarmed Combat
  3771 | D        | Killed an orc knight
  4312 | D        | Killed an orc knight
  4652 | D        | Found Ziluam's Antique Weapon Boutique.
  4652 | D        | Noticed an orc high priest
  4652 | D        | Noticed an orc high priest
  4652 | D        | Noticed an orc high priest
  4652 | D        | Noticed an orc high priest
  4653 | D        | Noticed an orc high priest
  4659 | D        | Killed an orc high priest
  4660 | D        | Found Buufu's Book Shop.
  4663 | D        | Noticed a rust devil
  4666 | D        | Noticed an orange demon
  4676 | D        | Noticed an orange demon
  4848 | D        | Noticed a soul eater
  4851 | D        | Killed an orc high priest
  4851 | D        | Reached skill level 21 in Unarmed Combat
  4855 | D        | Noticed an orange demon
  4859 | D        | Killed an orc high priest
  4859 | D        | Reached XP level 11. HP: 53/53 MP: 12/12
  4886 | D        | Killed an orc high priest
  4892 | D        | Found Durymm's Weapon Boutique.
  4894 | D        | Found Lirr's Book Shop.
  4899 | D        | Killed an orc high priest
  4907 | D        | Noticed an orc high priest
  5241 | D        | Killed an orc high priest
  5368 | D        | Bought a book of Minor Magic for 200 gold pieces
  5379 | D        | Received a gift from Kikubaaqudgha
  5397 | D        | Learned a level 1 spell: Magic Dart
  5400 | D        | Learned a level 2 spell: Blink
  5403 | D        | Learned a level 2 spell: Repel Missiles
  5415 | D        | Noticed Grum
  5428 | D        | Killed Grum
  5431 | D        | Reached skill level 22 in Unarmed Combat
  5437 | D        | Noticed Psyche
  5444 | D        | Killed Psyche
  5462 | D        | Noticed Maurice
  5469 | D        | Killed Maurice
  5469 | D        | Reached skill level 15 in Dodging
  5552 | D        | Noticed a seven-headed hydra
  5552 | D        | Noticed a centaur warrior
  5561 | D        | Killed a centaur warrior
  5561 | D        | Reached skill level 1 in Spellcasting
  5561 | D        | Reached skill level 1 in Necromancy
  5562 | D        | Noticed a stone giant
  5630 | D        | Killed a seven-headed hydra
  5882 | D        | Slain by a stone giant
  5883 | D        | Reached XP level 10. HP: -5/51 MP: 12/14
  6123 | D        | Killed a stone giant
  6123 | D        | Reached skill level 10 in Fighting
  6315 | D        | Killed a cyclops
  6315 | D        | Reached skill level 1 in Charms
  6315 | D        | Reached XP level 11. HP: 54/54 MP: 13/16
  6333 | D        | Noticed a fire dragon
  6344 | D        | Killed a fire dragon
  6344 | D        | Reached skill level 1 in Air Magic
  6356 | D        | Noticed an ettin
  6363 | D        | Noticed a death drake
  6363 | D        | a yaktaur changed into a death drake
  6375 | D        | a death drake changed into a redback
  6387 | D        | Killed an ettin
  6387 | D        | Reached skill level 23 in Unarmed Combat
  6387 | D        | Reached skill level 5 in Necromancy
  6408 | D        | Noticed Rupert
  6432 | D        | HP: 1/54 [Rupert/battleaxe of venom (20)]
  6448 | D        | Paralysed by Rupert for 5 turns
  6751 | D        | Killed Rupert
  6751 | D        | Reached skill level 5 in Spellcasting
  6751 | D        | Reached skill level 1 in Translocations
  7146 | D        | Noticed a nagaraja
  7146 | D        | Noticed a mana viper
  7146 | D        | Noticed a nagaraja
  7162 | D        | Killed a nagaraja
  7235 | D        | Killed a mana viper
  7469 | D        | Reached skill level 15 in Stealth
  7487 | D        | Gained mutation: Your thick and shaggy fur keeps you warm. (AC +3, rC+) [Felid growth]
  7487 | D        | Reached XP level 12. HP: 45/58 MP: 21/21
  7500 | D        | Killed from afar by a nagaraja

Skill      XL: |  1  2  3  4  5  6  7  8  9 10 11 |
---------------+----------------------------------+-----
Unarmed Combat | 6 7 12 13 14 16 18 21 23 | 23.7
Fighting       | 4 7 8 9 10 | 10.1
Dodging        | 5 6 9 10 12 13 14 15 | 15.8
Stealth        | 1 2 4 10 14 15 | 15.0
Spellcasting   | 3 5 |  5.9
Necromancy     | 3 6 |  6.9
Charms         | 1 2 |  2.6
Air Magic      | 2 |  2.1
Translocations | 2 |  2.3

Action                   |  1- 3 |  4- 6 |  7- 9 | 10-12 || total
-------------------------+-------+-------+-------+-------++-------
Melee: Unarmed           |    30 |    26 |   144 |   356 ||   556
       Bite              |     1 |     3 |    14 |    45 ||    63
       Punch             |       |     1 |     8 |    44 ||    53
 Cast: Repel Missiles    |       |       |       |     2 ||     2
       Blink             |       |       |       |     6 ||     6
Invok: Receive Necronomi |       |       |       |     1 ||     1
  Use: Potion            |       |     1 |     1 |    10 ||    12
 Stab: Sleeping          |       |       |     1 |     5 ||     6
       Distracted        |       |       |       |     9 ||     9
  Eat: Meat ration       |       |       |       |     2 ||     2
Armor: Skin              |     3 |     3 |     1 |     5 ||    12
Dodge: Dodged            |    23 |    29 |    93 |   214 ||   359
       Deflected         |       |       |       |     3 ||     3
